 Dungeon Crawl Stone Soup version 0.32-a0-913-g739538afd8 (webtiles) character file.

Game seed: 18413956400193337196

3559 WolfHunter the Cleaver (level 10, -5/76 HPs)
             Began as a Coglin Gladiator on Apr 5, 2024.
             Was a Follower of the Shining One.
             Slain by a yak (10 damage)
             ... on level 1 of the Lair of Beasts on Apr 8, 2024.
             The game lasted 00:29:04 (6545 turns).

WolfHunter the Cleaver (Coglin Gladiator)           Turns: 6545, Time: 00:29:04

Health: -5/76      AC: 10    Str: 18    XL:     10   Next: 9%
Magic:  10/10      EV:  8    Int:  7    God:    the Shining One [*.....]
Gold:   449        SH:  0    Dex: 17    Spells: 9/9 levels left

rFire   . . .        a - +0 war axe {Baqqanum}
rCold   . . .        n - +1 war axe (heavy) {Natsumi}
rNeg    . . .        u - +0 chain mail
rPois   .            c - +0 helmet
rElec   .            (no cloak)
rCorr   .            (no gloves)
SInv    .            (no boots)
Will    .....        (amulet unavailable) Stlth
                     (ring unavailable)
HPRegen 0.32/turn    (ring unavailable)
MPRegen 0.12/turn    (no gizmo)

%: no passive effects
@: glowing, revved
A: off-hand wielding, slow wielding, warmup strikes, no jewellery
a: Invent Gizmo, Renounce Religion, Divine Shield


You were on level 1 of the Lair of Beasts.
You worshipped the Shining One.
The Shining One was aware of your devotion.
You visited 2 branches of the dungeon, and saw 9 of its levels.

You collected 449 gold pieces.

Inventory:

Hand Weapons
 a - a +0 war axe (weapon) {Baqqanum}
 n - a +1 heavy war axe (offhand) {Natsumi}
 E - a +2 flail of draining
Missiles
 d - 3 throwing nets (quivered)
 e - 3 javelins
 h - 36 stones
 M - 8 poisoned darts
Armour
 b - a +0 leather armour
 c - a +0 helmet (worn)
 j - a +0 ring mail
 k - a +0 pair of boots
 m - a +0 hat
 u - a +0 chain mail (worn)
 z - +0 ice dragon scales
Jewellery
 i - a ring of willpower
 w - a ring of ice
Wands
 C - a wand of digging (7)
 F - a wand of charming (12)
 G - a wand of polymorph (3)
 I - a wand of flame (16)
 J - a wand of acid (11)
Scrolls
 g - 3 scrolls of enchant weapon {unknown}
 l - a scroll of vulnerability {unknown}
 o - 9 scrolls of identify {unknown}
 q - 3 scrolls of amnesia {unknown}
 t - 2 scrolls of teleportation {unknown}
 x - a scroll of fear {unknown}
 y - a scroll of brand weapon {unknown}
 A - 3 scrolls of noise
 B - a scroll of immolation {unknown}
 H - a scroll of silence {unknown}
 K - a scroll of fog {unknown}
 L - a scroll of poison {unknown}
 N - 2 scrolls of blinking {unknown}
Potions
 p - 2 potions of ambrosia {unknown}
 s - a potion of brilliance {unknown}
 v - a potion of attraction {unknown}
 D - a potion of lignification {unknown}
 O - a potion of haste {unknown}


   Skills:
 * Level 6.2 Fighting
 * Level 11.3 Axes
 + Level 2.0 Throwing
 + Level 4.0 Armour
 + Level 3.5 Dodging
 + Level 1.5 Stealth
 * Level 3.9 Evocations


You had 9 spell levels left.
You didn't know any spells.
Your spell library contained the following spells:

 Spells                   Type           Power      Damage    Failure   Level
 Magic Dart               Conj           0%         1d3       99%         1
 Searing Ray              Conj           0%         2d4       99%         2
 Inner Flame              Hex/Fire       0%         N/A       100%        3
 Maxwell's Portable Pile  Tloc           0%         2d(5-13)  100%        3
 Tukima's Dance           Hex            0%         N/A       100%        3
 Flame Wave               Conj/Fire      0%         2d4       100%        4
 Fulminant Prism          Conj/Alch      0%         3d5       100%        4
 Passage of Golubria      Tloc           0%         N/A       100%        4
 Sticky Flame             Fire/Alch      0%         2d4       100%        4
 Arcjolt                  Conj/Air       0%         1d10      100%        5
 Yara's Violent Unravell  Hex/Alch       0%         3d3       100%        5
 Maxwell's Capacitive Co  Air            0%         ∞         100%        8


Dungeon Overview and Level Annotations

Branches:
Dungeon (8/15)             Temple (0/1) D:4            Lair (1/5) D:8

Altars:
Fedhas
Ru
Sif Muna
Wu Jian
The Shining One

Shops:
D:3 *   D:5 [


Innate Abilities, Weirdness & Mutations

You can wield a second weapon in your off-hand.
It takes a long time for you to wield or remove held weapons.
Your first few attacks do less damage.
You cannot equip rings or amulets.


Message History

You hit the elephant but do no damage.
The elephant is heavily wounded.
You hit the yak but do no damage.
You slice the elephant with your +1 heavy war axe!!
You slash the yak with your +1 heavy war axe!
The yak closely misses you. The elephant tramples you.
* * * LOW HITPOINT WARNING * * *
You stumble backwards!
You feel better. The yak gores you but does no damage.
The elephant barely misses you.
The elephant trunk-slaps you but does no damage.
The yak misses you.
Aiming: Corrosive Bolt
Press: ? - help, Q - select action, (/) - cycle Shift-Dir - straight line, f/p - elephant
Aim: an elephant (severely wounded, haloed, 100% to hit)
The bolt of acid hits the elephant.
The acid corrodes the elephant!
The elephant is severely wounded.
The yak gores you!
* * * LOW HITPOINT WARNING * * *
The elephant tramples you but does no damage.
The elephant trunk-slaps you but does no damage.
The yak gores you but does no damage.
You slash the elephant with your +1 heavy war axe!
The elephant is almost dead.
You slice the yak with your +1 heavy war axe!!
You kill the yak!
You hit the yak but do no damage.
You slash the elephant with your +0 war axe!
You kill the elephant!
You hit the yak with your +0 war axe. The yak closely misses you.
Your Fighting skill increases to level 6!
Your Armour skill increases to level 4!
You have reached level 10!
The yak gores you!
* * * LOW HITPOINT WARNING * * *
You hit the yak with your +1 heavy war axe.
The yak is almost dead.
You barely miss the yak with your +0 war axe.
The yak gores you!
You die...

..# .. #.#
.. #.# .....
#.# .#..###
#.###.#.##P.
#...........
#...........
#@..........
#Y.†........
#.<.........
#...........
#.#.#..##PP.
#.#)...... .
#.........>.
#.+....>....
#.#.........


You could see a yak.

Vanquished Creatures
  An elephant (Lair:1)
  A troll (D:7)
  3 yaks (Lair:1)
  Edmund (D:6)
  2 water moccasins
  An orc warrior (D:6)
  A sky beast (D:8)
  4 ice beasts
  A black bear (D:5)
  A crocodile (D:6)
  A centaur (D:8)
  2 phantoms (D:5)
  2 bullfrogs
  A scorpion (D:7)
  4 killer bees (D:8)
  A howler monkey (D:5)
  2 bombardier beetles
  A quasit (D:6)
  5 orc priests
  A hound (D:7)
  4 jellies
  Jessica (D:3)
  4 iguanas
  5 orc wizards
  7 adders
  2 river rats (D:3)
  A white imp (D:7)
  2 ufetubi (D:5)
  2 dart slugs (D:3)
  2 ribbon worms
  27 orcs
  5 ball pythons
  4 bats
  8 endoplasms
  3 giant cockroaches
  13 hobgoblins
  5 jackals
  3 quokkas
  7 frilled lizards
  6 goblins
  6 kobolds
  4 rats
157 creatures vanquished.

Notes
Turn   | Place    | Note
-------+----------+-------------------------------------------
     0 | D:1      | WolfHunter the Coglin Gladiator began the quest for the
                  | Orb.
     0 | D:1      | Reached XP level 1. HP: 16/16 MP: 1/1
   220 | D:1      | Reached XP level 2. HP: 17/22 MP: 2/2
   856 | D:2      | Reached XP level 3. HP: 27/28 MP: 3/3
  1062 | D:2      | Reached XP level 4. HP: 33/34 MP: 4/4
  1292 | D:2      | Reached skill level 4 in Axes
  1461 | D:3      | Noticed Jessica
  1468 | D:3      | Killed Jessica
  1605 | D:3      | Reached XP level 5. HP: 39/39 MP: 5/5
  1635 | D:3      | Found a glowing drain.
  1702 | D:3      | Found Xiheclyeni's Assorted Antiques.
  1746 | D:3      | Reached skill level 5 in Axes
  2005 | D:3      | Found a shimmering blue altar of Sif Muna.
  2176 | D:3      | Found a sacrificial altar of Ru.
  2180 | D:3      | Found a glowing golden altar of the Shining One.
  2182 | D:3      | Found a blossoming altar of Fedhas.
  2190 | D:3      | Became a worshipper of the Shining One
  2676 | D:3      | Upgraded the game from 0.32-a0-900-g30fb1b0edc to
                  | 0.32-a0-913-g739538afd8
  2730 | D:4      | Reached skill level 1 in Armour
  2984 | D:4      | Found a staircase to the Ecumenical Temple.
  3182 | D:4      | Reached XP level 6. HP: 46/46 MP: 6/6
  3485 | D:4      | Found an ornate altar of the Wu Jian Council.
  3617 | D:5      | Entered Level 5 of the Dungeon
  3690 | D:5      | Noticed an ice beast
  3703 | D:5      | Killed an ice beast
  3732 | D:5      | Reached skill level 6 in Axes
  3732 | D:5      | Reached XP level 7. HP: 39/52 MP: 7/7
  4144 | D:5      | Reached skill level 7 in Axes
  4312 | D:5      | Found Caurr's Antique Armour Emporium.
  4460 | D:6      | Reached XP level 8. HP: 49/60 MP: 8/8
  4752 | D:6      | Noticed Prince Ribbit
  4753 | D:6      | Prince Ribbit changed into Prince Ribbit the crocodile
  4753 | D:6      | Noticed Prince Ribbit
  4757 | D:6      | Killed Prince Ribbit the crocodile
  4758 | D:6      | Reached skill level 8 in Axes
  4867 | D:6      | Noticed Grinder
  4871 | D:6      | Grinder changed into Grinder the quasit
  4871 | D:6      | Noticed Grinder
  4874 | D:6      | Killed Grinder the quasit
  4874 | D:6      | Reached * piety under the Shining One
  4884 | D:6      | Noticed Edmund
  4894 | D:6      | Killed Edmund
  5384 | D:7      | Reached skill level 9 in Axes
  5698 | D:7      | Reached skill level 5 in Fighting
  5698 | D:7      | Reached XP level 9. HP: 68/68 MP: 9/9
  5705 | D:7      | Noticed a troll
  5710 | D:7      | Killed a troll
  5711 | D:7      | Reached skill level 1 in Evocations
  5831 | D:7      | Reached skill level 10 in Axes
  6043 | D:8      | Reached skill level 1 in Stealth
  6459 | D:8      | Found a staircase to the Lair.
  6523 | Lair:1   | Entered Level 1 of the Lair of Beasts
  6528 | Lair:1   | Noticed a komodo dragon
  6535 | Lair:1   | Reached skill level 11 in Axes
  6536 | Lair:1   | a komodo dragon changed into an elephant
  6536 | Lair:1   | Noticed an elephant
  6543 | Lair:1   | Killed an elephant
  6544 | Lair:1   | Reached XP level 10. HP: 14/76 MP: 10/10
  6545 | Lair:1   | Slain by a yak

Illustrated notes

Levels and vault maps discovered:
D:1:      dpeg_arrival_triangle_fractal, layout_loops_cross
D:2:      cheibrodos_greedy_goblins, layout_loops_ring, grunt_ministairs_3
D:3:      layout_basic, old_standard_altar, grunt_temple_overflow_open,
          portal_sewer_entry_a, serial_shops, shop_statue,
          chequers_serial_rivers_large_a, uniq_jessica
D:4:      layout_loops_corners, pdpol_wu_jian_five_deadly_venoms,
          minmay_temple_entry_nine_rooms
D:5:      layout_loops_cross, serial_shops, nicolae_shop_tiny_statue_garden,
          kennysheep_generic_room_3
D:6:      layout_cave_pools, st_stairs_12, lightli_orcish_oven, uniq_grinder,
          uniq_prince_ribbit1, uniq_edmund
D:7:      layout_gridville
D:8:      layout_basic, dpeg_oklobed_lair
Lair:1:   layout_regular_city

Skill      XL: |  1  2  3  4  5  6  7  8  9 |
---------------+----------------------------+-----
Throwing       | 2 |  2.0
Dodging        | 3 |  3.5
Axes           | 4 5 6 7 9 11 | 11.3
Armour         | 1 2 4 |  4.0
Fighting       | 3 4 5 6 |  6.2
Evocations     | 3 |  3.9
Stealth        | 1 |  1.5

Action                     |  1- 3 |  4- 6 |  7- 9 | 10-12 || total
---------------------------+-------+-------+-------+-------++-------
  Melee: War axe           |    94 |   157 |   203 |     2 ||   456
         Dagger            |    16 |       |       |       ||    16
  Evoke: Wand              |       |       |     5 |       ||     5
    Use: Potion            |       |       |     6 |       ||     6
         Scroll            |       |       |     1 |       ||     1
   Stab: Sleeping          |     1 |       |       |       ||     1
 Armour: Ring mail         |    79 |    32 |       |       ||   111
         Chain mail        |       |    32 |   158 |     2 ||   192
  Dodge: Dodged            |    69 |    56 |    84 |       ||   209

Table legend: (Time is in decaauts)
 A = Elapsed time spent in this place.
 B = Non-inter-level travel time spent in this place.
 C = Inter-level travel time spent in this place.
 D = Time resting spent in this place.
 E = Time spent auto-exploring this place.
 F = Levels seen in this place.
 G = Mean time per level.
                   A        B        C        D        E       F      G
               +--------+--------+--------+--------+--------+-----+--------+
         Total |   6685 |   6675 |     10 |      0 |   4720 |   9 |  742.8 |
       Dungeon |   6662 |   6652 |     10 |      0 |   4720 |   8 |  832.8 |
          Lair |     23 |     23 |      0 |      0 |      0 |   1 |   23.0 |
               +--------+--------+--------+--------+--------+-----+--------+

Top non-repeatable levels by time:
     D:3: 1291 daAuts
     D:4: 915 daAuts
     D:7: 837 daAuts
     D:5: 818 daAuts
     D:1: 784 daAuts
     D:6: 770 daAuts
     D:2: 721 daAuts
     D:8: 522 daAuts
  Lair:1: 23 daAuts
